Map: Black Site 2E

Players

AMH

  • Race: Terran Terran
  • League: Diamond
  • Spawn Location: 3:00

maik

  • Race: Zerg Zerg
  • League: Diamond
  • Spawn Location: 6:00

Lkaizer

  • Race: Protoss Protoss
  • Spawn Location: 5:00

Yata - Winner!

  • Race: Zerg Zerg
  • League: Gold
  • Spawn Location: 11:00

Myhome - Winner!

  • Race: Terran Terran
  • League: Diamond
  • Spawn Location: 12:00

SHreddedWInd - Winner!

  • Race: Protoss Protoss
  • Spawn Location: 9:00

VOD

Have the link to the VOD?

Description

Time

  • Played on: Aug. 31, 2017, 10:47 p.m.
  • Length: 17:41
Show
View Real Time Build Order
Export as new Build Order

AMH Terran 

Build Orders: Reaper Expand 

Get SALT Encoding   

  12  0:01  SCV  
  13  0:14  SCV  
  14  0:21  Supply Depot  
  14  0:26  SCV  
  15  0:35  Refinery  
  15  0:43  SCV  
  15  0:47  Barracks  
  16  0:55  SCV  
  17  1:07  SCV  
  18  1:19  SCV  
  19  1:35  Reaper  
  19  1:36  Orbital Command  
  20  1:49  Command Center  
  20  2:05  SCV  
  20  2:08  Factory  
  21  2:15  Barracks Reactor  
  21  2:18  SCV  
  21  2:19  Refinery  
  22  2:34  SCV  
  22  2:52  Barracks  
  22  3:03  SCV  
  23  3:31  SCV  
  23  3:33  Orbital Command  
  24  3:39  Command Center  
  24  3:43  Supply Depot, SCV  
  25  3:55  SCV  
  26  4:00  SCV  
  27  4:07  SCV  
  28  4:12  SCV  
  29  4:19  SCV  
  29  4:24  SCV  
  29  4:28  Cyclone x2  
  36  4:31  SCV  
  36  4:32  Barracks Reactor  
  36  4:34  Factory  
  37  4:38  Armory  
  37  4:39  SCV  
  37  4:42  Refinery  
  37  4:43  Refinery, SCV  
  39  4:46  Marine  
  39  4:47  Armory  
  39  4:51  SCV  
  41  5:01  Orbital Command  
  41  5:02  SCV  
  41  5:03  SCV  
  43  5:08  Cyclone x2  
  49  5:14  SCV  
  49  5:16  Factory  
  50  5:22  SCV  
  50  5:26  SCV  
  52  5:30  SCV  
  52  5:32  Supply Depot  
  52  5:35  Terran Vehicle Weapons Level 1, SCV  
  54  5:36  Terran Vehicle And Ship Armor Level 1  
  54  5:38  SCV  
  54  5:53  Hellion x3  
  54  5:54  Hellion  
  54  5:56  SCV x2  
  65  5:59  Orbital Command  
  65  6:08  Factory Reactor  
  64  6:14  Cyclone  
  64  6:16  Hellion  
  69  6:26  Supply Depot  
  69  6:30  Supply Depot  
  69  6:35  Engineering Bay  
  69  6:48  Supply Depot, SCV x3, Cyclone  
  69  6:51  Cyclone x2  
  69  6:52  Supply Depot, Cyclone  
  84  6:58  Supply Depot  
  84  7:00  SCV  
  85  7:08  Missile Turret  
  85  7:10  Missile Turret, SCV x2, Cyclone x2  
  85  7:11  Supply Depot, Missile Turret  
  85  7:13  SCV  
  94  7:15  Supply Depot  
  94  7:20  Cyclone  
  94  7:21  Supply Depot  
  97  7:23  Widow Mine x2  
  97  7:24  Cyclone  
  97  7:29  Missile Turret  
  74  7:52  SCV x3  
  77  8:04  SCV x2  
  77  8:05  Refinery, SCV  
  80  8:06  Refinery  
  80  8:09  Cyclone x2  
  80  8:10  Cyclone  
  89  8:16  SCV x2  
  89  8:17  SCV  
  92  8:28  SCV  
  92  8:29  SCV x2  
  95  8:40  SCV  
  95  8:41  SCV x2  
  98  8:47  Terran Vehicle Weapons Level 2  
  98  8:53  SCV x3  
  70  9:37  Cyclone x3  
  82  9:43  SCV  
  80  9:47  Cyclone  
  55  9:55  SCV  
  52  10:04  Hellion  
  52  10:06  Hellion  
  52  10:16  Command Center  
  49  10:25  Hellion  
  49  10:26  Command Center  
  49  10:27  Hellion  
  49  10:35  SCV  
  50  10:41  Command Center  
  50  10:47  SCV  
  51  10:59  SCV  
  52  11:11  SCV  
  53  11:23  SCV  
  54  11:28  Factory Reactor, Factory Tech Lab  
  54  11:29  Factory Reactor  
  54  11:40  Orbital Command x2  
  54  11:43  SCV  
  55  11:55  SCV  
  56  12:07  SCV x3  
  59  12:10  Orbital Command  
  59  12:19  SCV  
  60  12:43  Cyclone x3  
  60  12:44  Cyclone  
  69  12:46  Hellion  
  64  13:06  SCV x3  
  64  13:07  Hellion  
  69  13:18  SCV x2  
  19  13:42  SCV x2  
  19  13:43  SCV x2  
  23  13:58  SCV x4  
  30  14:05  Siege Tank  
  30  14:09  Cyclone x2  
  36  14:10  SCV x2  
  36  14:12  SCV x2  
  36  14:14  Refinery  
  40  14:22  SCV x2  
  40  14:24  SCV x2  
  43  14:28  Refinery  
  44  14:34  SCV x2  
  44  14:36  SCV x2  
  48  14:46  SCV x2  
  48  14:47  Terran Vehicle Weapons Level 3  
  30  15:27  SCV x3  
  33  15:39  SCV x2  
  35  15:51  SCV x2  
  37  15:57  Orbital Command  
  37  16:03  SCV  
  38  16:07  SCV  
  38  16:10  Siege Tank  
  38  16:11  Cyclone x2  
  45  16:15  SCV  
  49  16:19  SCV  
  50  16:27  SCV  
  50  16:28  SCV  
  50  16:31  SCV  
  53  16:43  Siege Tank, SCV  
  53  16:45  Cyclone x2  
  53  16:46  Cyclone x2  
  69  16:59  Missile Turret  
  69  17:01  Missile Turret  
  51  17:24  Missile Turret  
Show
View Real Time Build Order
Export as new Build Order

maik Zerg 

Build Orders: Hatch First, Lurkers 

Get SALT Encoding   

  12  0:01  Drone  
  13  0:14  Overlord  
  13  0:21  Drone  
  14  0:32  Drone x2  
  16  0:42  Drone  
  17  0:54  Hatchery  
  16  0:57  Extractor  
  16  0:58  Drone  
  16  1:01  Drone  
  17  1:17  Spawning Pool  
  16  1:22  Drone  
  16  1:24  Drone  
  18  1:30  Drone  
  19  1:41  Overlord  
  19  1:52  Drone  
  20  2:03  Metabolic Boost  
  20  2:05  Queen  
  20  2:06  Zergling x2  
  23  2:11  Queen  
  25  2:19  Drone x2  
  27  2:24  Drone  
  27  2:25  Drone  
  27  2:28  Drone  
  30  2:40  Drone x2  
  32  2:53  Drone  
  33  3:02  Hatchery  
  33  3:03  Drone x3  
  35  3:06  Drone  
  36  3:15  Lair  
  36  3:19  Overlord x2  
  36  3:32  Extractor  
  36  3:33  Extractor  
  36  3:34  Overlord x2  
  34  3:35  Extractor  
  33  3:48  Drone x6  
  33  3:49  Drone  
  39  3:56  Drone x3  
  39  3:57  Baneling Nest  
  39  3:58  Drone  
  39  4:02  Drone  
  43  4:14  Drone x2  
  43  4:15  Drone  
  46  4:19  Hydralisk Den  
  46  4:20  Spore Crawler  
  46  4:21  Drone x2  
  46  4:23  Spore Crawler  
  46  4:24  Drone x2  
  46  4:31  Drone x3  
  50  4:36  Queen  
  50  4:38  Drone  
  53  4:39  Drone  
  53  4:43  Pneumatized Carapace  
  54  4:46  Overseer  
  54  4:49  Drone x2  
  56  4:53  Drone x2  
  56  4:54  Drone  
  59  5:00  Evolution Chamber  
  59  5:01  Drone x2  
  59  5:02  Evolution Chamber  
  59  5:08  Drone x5  
  64  5:16  Drone  
  64  5:17  Drone x2  
  67  5:22  Hydralisk x2  
  67  5:23  Extractor, Hydralisk x2  
  67  5:24  Extractor  
  67  5:27  Zerg Missile Weapons Level 1  
  73  5:34  Overlord x3  
  73  5:36  Drone  
  74  5:52  Hydralisk  
  74  5:53  Hydralisk x7  
  90  6:00  Drone x2  
  90  6:01  Drone  
  93  6:04  Queen x2  
  97  6:12  Zerg Ground Armor Level 1  
  97  6:13  Drone  
  98  6:22  Overlord x3  
  98  6:24  Infestation Pit  
  97  6:28  Drone  
  98  6:43  Muscular Augments  
  98  6:47  Spire  
  98  6:49  Hydralisk x3  
  98  6:50  Hydralisk  
  98  6:51  Overlord  
  98  6:52  Overlord  
  105  7:01  Zergling x10  
  106  7:02  Zergling x16  
  118  7:10  Hatchery  
  113  7:19  Hive  
  113  7:21  Baneling x5  
  113  7:22  Baneling x3  
  113  7:26  Zerg Missile Weapons Level 2  
  113  7:32  Drone x2  
  114  7:51  Hydralisk  
  114  7:52  Hydralisk x6  
  114  7:53  Hydralisk x2  
  114  7:54  Overlord  
  114  7:55  Overlord x4  
  132  8:02  Drone x6  
  137  8:14  Zerg Ground Armor Level 2  
  137  8:16  Lurker Den  
  137  8:29  Hydralisk  
  128  8:58  Hydralisk  
  128  8:59  Hydralisk x7  
  128  9:00  Hydralisk x2  
  128  9:01  Zergling x2  
  128  9:02  Zergling x22  
  158  9:15  Extractor  
  158  9:16  Extractor  
  155  9:21  Spine Crawler x3  
  139  9:26  Hydralisk x3  
  120  9:35  Hydralisk x4  
  122  9:45  Lurker x4  
  115  9:46  Hydralisk  
  115  9:47  Hydralisk x6  
  115  9:48  Zergling x2  
  115  9:49  Zergling x16  
  128  9:57  Zergling x2  
  128  9:58  Zergling x2  
  122  10:08  Baneling x4  
  122  10:09  Baneling x3  
  117  10:26  Drone x10  
  127  10:32  Queen  
  129  10:42  Ultralisk Cavern  
  128  10:47  Zerg Ground Armor Level 3, Zerg Missile Weapons Level 3  
  128  10:49  Drone x2  
  131  10:50  Drone  
  131  10:51  Drone x3  
  134  11:01  Mutalisk x6  
  146  11:05  Hatchery  
  146  11:06  Extractor  
  146  11:09  Extractor  
  143  11:26  Centrifical Hooks  
  143  11:36  Lair x2  
  143  11:41  Drone x3  
  143  11:42  Drone x2  
  143  11:43  Hydralisk x5  
  143  11:44  Hydralisk x6  
  170  11:52  Spore Crawler  
  169  12:09  Baneling x8  
  169  12:10  Baneling x5  
  157  12:38  Zergling x18  
  157  12:39  Zergling x6  
  169  12:47  Overlord x2  
  169  12:48  Overlord x4  
  168  13:00  Hatchery  
  168  13:01  Overseer x2  
  168  13:02  Overseer  
  167  13:10  Drone  
  167  13:11  Drone x3  
  167  13:12  Overseer x2  
  161  13:48  Hydralisk x6  
  144  13:49  Hydralisk x4  
  144  13:52  Lurker x9  
  144  13:53  Lurker x2  
  155  14:58  Zergling x14  
  161  15:03  Zergling x8  
  156  15:23  Zergling x6  
  159  16:04  Baneling Nest  
  151  16:33  Hatchery  
  151  16:37  Spawning Pool  
Show
View Real Time Build Order
Export as new Build Order

Lkaizer Protoss 

Build Orders:  

Get SALT Encoding   

  12  0:02  Probe (Chrono Boost)  
  13  0:13  Probe (Chrono Boost)  
  14  0:23  Probe (Chrono Boost)  
  14  0:25  Pylon  
  15  0:44  Probe (Chrono Boost)  
  16  0:51  Gateway  
  16  0:54  Assimilator, Probe (Chrono Boost)  
  17  1:05  Probe (Chrono Boost)  
  18  1:15  Probe (Chrono Boost)  
  19  1:26  Probe (Chrono Boost)  
  20  1:36  Assimilator, Probe (Chrono Boost)  
  21  1:40  Cybernetics Core  
  21  1:46  Pylon  
  21  1:48  Probe (Chrono Boost)  
  22  1:58  Probe (Chrono Boost)  
  22  2:01  Pylon  
  23  2:09  Probe (Chrono Boost)  
  24  2:18  Forge  
  24  2:19  Probe (Chrono Boost)  
  25  2:24  Stargate  
  26  2:40  Mothership Core (Chrono Boost)  
  27  2:46  Zealot  
  29  2:56  Photon Cannon  
  29  3:00  Pylon  
  29  3:06  Probe (Chrono Boost)  
  30  3:15  Protoss Air Weapons Level 1  
  30  3:16  Void Ray  
  34  3:22  Probe (Chrono Boost)  
  35  3:32  Probe (Chrono Boost)  
  36  3:43  Probe (Chrono Boost)  
  36  3:47  Nexus  
  37  3:54  Probe (Chrono Boost)  
  38  4:02  Void Ray (Chrono Boost)  
  42  4:04  Probe (Chrono Boost)  
  43  4:16  Probe  
  44  4:28  Probe  
  45  4:42  Stargate  
  45  4:59  Void Ray (Chrono Boost)  
  49  5:01  Assimilator, Probe  
  49  5:03  Probe  
  49  5:06  Assimilator  
  51  5:12  Probe  
  51  5:13  Pylon  
  52  5:15  Probe  
  53  5:22  Probe  
  53  5:27  Probe  
  55  5:33  Probe  
  56  5:36  Void Ray (Chrono Boost)  
  56  5:37  Protoss Air Armor Level 1  
  56  5:39  Probe  
  61  5:43  Probe  
  62  5:51  Probe  
  62  5:54  Probe  
  68  5:59  Void Ray (Chrono Boost)  
  68  6:03  Probe  
  69  6:05  Probe  
  70  6:24  Fleet Beacon  
  70  6:36  Nexus  
  70  7:26  Pylon  
  70  7:27  Pylon  
  70  7:29  Pylon  
  70  7:32  Pylon  
  70  7:33  Pylon  
  70  7:43  Probe  
  70  7:44  Probe  
  70  7:45  Void Ray (Chrono Boost)  
  80  7:51  Void Ray (Chrono Boost)  
  80  7:53  Probe  
  80  7:56  Probe  
  82  8:01  Probe  
  83  8:11  Probe  
  83  8:19  Assimilator  
  84  8:22  Assimilator, Void Ray (Chrono Boost), Probe  
  89  8:32  Probe  
  94  8:34  Void Ray (Chrono Boost)  
  94  8:59  Void Ray (Chrono Boost)  
  102  9:17  Void Ray (Chrono Boost)  
  98  9:36  Void Ray (Chrono Boost)  
  106  10:00  Void Ray (Chrono Boost)  
  106  10:14  Void Ray (Chrono Boost)  
  110  10:39  Void Ray (Chrono Boost)  
  114  10:50  Void Ray (Chrono Boost), Protoss Air Weapons Level 2 (Chrono Boost)  
  118  11:07  Pylon  
  118  11:19  Void Ray  
  122  11:33  Void Ray  
  126  12:02  Void Ray  
  130  12:58  Pylon  
  130  12:59  Pylon  
  130  13:01  Pylon  
  130  13:15  Void Ray x2  
  130  13:16  Pylon  
  130  13:17  Pylon  
  138  13:20  Pylon  
  138  13:21  Pylon  
  134  13:58  Void Ray x2  
  130  14:41  Void Ray x2  
  134  15:24  Void Ray x2  
  142  16:07  Void Ray x2  
  150  16:11  Stargate  
  150  16:13  Stargate  
  134  16:50  Void Ray x2  
Show
View Real Time Build Order
Export as new Build Order

Yata Zerg - Winner!

Build Orders: Hatch First, Lurkers 

Get SALT Encoding   

  12  0:01  Drone  
  13  0:14  Overlord  
  13  0:18  Drone  
  14  0:32  Drone x2  
  16  0:36  Drone  
  17  0:55  Hatchery  
  16  0:57  Drone  
  16  1:01  Drone  
  18  1:12  Extractor  
  17  1:18  Spawning Pool  
  17  1:20  Drone  
  17  1:23  Drone  
  18  1:29  Drone  
  19  1:41  Overlord  
  19  1:51  Drone  
  20  2:04  Drone  
  20  2:06  Queen  
  20  2:08  Queen  
  25  2:13  Zergling x4  
  25  2:15  Metabolic Boost  
  27  2:18  Drone  
  28  2:32  Drone x2  
  30  2:49  Drone x3  
  30  2:50  Baneling Nest  
  32  2:55  Drone  
  32  2:57  Overlord  
  33  3:23  Drone x7  
  33  3:24  Drone x2  
  42  3:34  Lair  
  42  3:38  Extractor  
  42  3:39  Hatchery  
  40  3:42  Zergling x2  
  40  3:43  Zergling x4  
  43  4:12  Drone  
  43  4:13  Extractor  
  43  4:16  Extractor  
  42  4:31  Queen  
  42  4:33  Overlord x3  
  42  4:34  Overlord  
  44  4:43  Evolution Chamber  
  43  4:55  Drone x2  
  43  4:56  Drone x6  
  43  4:57  Drone x2  
  53  5:03  Drone x2  
  53  5:04  Drone x2  
  53  5:06  Queen  
  59  5:07  Queen  
  59  5:09  Zerg Missile Weapons Level 1  
  61  5:16  Centrifical Hooks  
  61  5:19  Drone x2  
  61  5:20  Drone x3  
  66  5:25  Extractor  
  66  5:26  Drone x2  
  66  5:27  Extractor  
  66  5:34  Zergling x8  
  66  5:35  Zergling x4  
  67  6:01  Drone x4  
  67  6:02  Drone x2  
  73  6:16  Infestation Pit  
  73  6:18  Zergling x12  
  73  6:19  Zergling x6  
  73  6:21  Overlord x2  
  81  6:56  Hive  
  81  6:59  Drone x3  
  70  7:31  Hydralisk Den  
  69  7:38  Zerg Missile Weapons Level 2  
  69  7:47  Zergling x28  
  69  7:48  Zergling x14  
  89  8:14  Hydralisk x4  
  89  8:18  Overlord x5  
  89  8:19  Overlord  
  88  8:46  Hydralisk x8  
  88  8:47  Hydralisk x2  
  99  9:14  Hydralisk  
  99  9:15  Hydralisk x8  
  115  9:34  Lurker Den  
  115  9:36  Hydralisk x7  
  126  9:56  Zerg Missile Weapons Level 3  
  126  9:59  Hydralisk x6  
  128  10:02  Overlord x2  
  128  10:03  Overlord x3  
  138  10:29  Hydralisk x7  
  138  10:30  Hydralisk x6  
  164  10:42  Hatchery  
  163  11:05  Lurker x6  
  163  11:06  Lurker x2  
  171  11:21  Ultralisk Cavern  
  170  11:44  Drone  
  170  11:45  Drone x7  
  170  11:47  Overlord x5  
  113  12:30  Hydralisk x12  
  113  12:31  Hydralisk x3  
  125  12:41  Lurker  
  126  12:44  Queen  
  128  13:13  Hydralisk x7  
  142  13:31  Ultralisk  
  148  13:49  Hydralisk  
  148  13:50  Hydralisk x3  
  156  14:01  Hydralisk x2  
  139  14:44  Hydralisk  
  139  14:45  Hydralisk x7  
  117  15:08  Extractor, Viper  
  117  15:11  Extractor  
  118  15:36  Viper  
  121  15:45  Viper  
  124  16:09  Viper x3  
  133  16:16  Viper x3  
  133  16:17  Viper  
  145  16:51  Spire  
  144  17:05  Hydralisk  
  144  17:06  Hydralisk x14  
Show
View Real Time Build Order
Export as new Build Order

Myhome Terran - Winner!

Build Orders: Reaper Expand, MMM Bio 

Get SALT Encoding   

  12  0:01  SCV  
  13  0:13  SCV  
  14  0:19  Supply Depot  
  14  0:25  SCV  
  15  0:40  SCV  
  15  0:42  Barracks  
  16  0:51  Refinery  
  16  0:52  SCV  
  17  1:05  SCV  
  18  1:17  SCV  
  19  1:33  Orbital Command  
  19  1:34  Reaper  
  20  1:45  Command Center  
  20  1:59  SCV  
  21  2:06  Supply Depot, Barracks Reactor  
  21  2:16  SCV  
  21  2:17  Barracks  
  22  2:25  Refinery  
  22  2:28  SCV  
  23  2:40  SCV  
  24  2:46  Marine x2  
  26  2:58  SCV  
  27  2:59  Orbital Command  
  26  3:06  Barracks Tech Lab  
  26  3:07  Factory  
  24  3:25  Marine  
  24  3:28  Marine x2  
  24  3:33  SCV x2  
  28  3:43  Marine  
  28  3:45  SCV  
  28  3:46  Marine x2  
  32  3:58  Barracks, SCV x2  
  33  4:11  SCV x2  
  35  4:25  Marine x3  
  35  4:27  Stimpack  
  35  4:29  Starport  
  38  4:35  Barracks  
  38  4:36  Barracks, SCV x2  
  40  4:42  Barracks, Engineering Bay  
  40  4:46  Engineering Bay  
  40  4:47  Marine x2  
  40  4:48  SCV x2  
  44  4:58  Factory Reactor  
  44  5:00  SCV x2  
  44  5:05  Supply Depot  
  46  5:09  Supply Depot  
  46  5:14  Barracks Reactor  
  46  5:24  Barracks Tech Lab, SCV x2, Marine x3  
  46  5:25  Barracks Reactor  
  46  5:28  Terran Infantry Weapons Level 1  
  51  5:29  Terran Infantry Armor Level 1  
  51  5:31  Barracks Tech Lab  
  51  5:41  Marine  
  51  5:42  SCV x2  
  54  5:44  Factory Tech Lab  
  54  5:45  Supply Depot  
  54  5:46  Supply Depot  
  54  5:52  Marine x3  
  54  5:54  SCV  
  54  5:57  Medivac  
  60  5:58  Medivac  
  60  5:59  SCV  
  60  6:03  Combat Shields  
  63  6:05  Marine  
  63  6:06  Marine  
  63  6:08  SCV  
  66  6:13  Refinery  
  66  6:14  Refinery, Marine  
  66  6:16  Marine  
  68  6:19  SCV  
  68  6:20  SCV  
  70  6:33  SCV  
  70  6:37  Command Center  
  71  6:42  Marine x5  
  71  6:43  Marine x2  
  71  6:44  SCV  
  79  6:50  Marauder  
  79  6:51  SCV, Marauder  
  84  6:55  Medivac  
  86  7:02  Supply Depot  
  86  7:05  Supply Depot  
  86  7:20  Supply Depot  
  86  7:21  Supply Depot  
  86  7:23  SCV, Marine x7  
  86  7:26  Marine x2  
  93  7:41  Marine x5  
  95  7:49  Marine x4  
  95  7:50  Medivac x2  
  99  7:52  Orbital Command  
  99  7:55  SCV x2  
  101  7:59  Marine x3  
  104  8:05  Marine x2  
  104  8:10  Supply Depot  
  106  8:14  Armory, Marine x4  
  106  8:17  Marine  
  106  8:18  SCV x2  
  113  8:20  Medivac x2  
  113  8:26  Missile Turret  
  113  8:27  Missile Turret  
  117  8:28  Missile Turret  
  117  8:34  Missile Turret  
  117  8:35  Missile Turret  
  117  8:36  Marine x4  
  117  8:37  Marine  
  117  8:38  Missile Turret  
  122  8:44  Marine x3  
  122  8:45  Marine  
  126  8:54  Marine x5  
  121  8:59  Medivac  
  121  9:02  Marine x4  
  127  9:12  Marine x5  
  132  9:20  Marine x4  
  136  9:29  Marine x2  
  136  9:30  Marine x3  
  129  9:38  Marine x4  
  116  9:47  Marine x3  
  116  9:48  Marine x2  
  118  9:55  Marine  
  118  9:56  Marine x3  
  119  10:05  Medivac, Marine x4  
  119  10:06  Terran Infantry Weapons Level 2, Marine, Siege Tank  
  129  10:08  Terran Infantry Armor Level 2  
  129  10:13  Marine x3  
  129  10:14  Marine  
  116  10:23  Marine x5  
  116  10:24  SCV x3  
  124  10:31  Marine x4  
  128  10:38  Siege Tank  
  128  10:41  Marine x5  
  136  10:49  Marine x4  
  140  10:58  Marine  
  140  11:02  Command Center  
  141  11:06  Marine x4  
  145  11:12  Marine x4  
  145  11:16  Marine  
  150  11:23  Marine x4  
  154  11:30  Marine x4  
  150  11:34  Marine  
  150  11:37  SCV x3  
  142  11:41  Refinery, Marine x4  
  142  11:43  Refinery  
  146  11:47  Marine  
  146  11:48  Marine x3  
  146  11:52  Marine  
  151  11:59  Marine x4  
  155  12:05  Marine x2  
  157  12:13  Marine x3  
  160  12:17  Supply Depot, Marine x2  
  160  12:19  Supply Depot  
  160  12:20  Supply Depot  
  160  12:21  Marine x2  
  164  12:23  Marine x2  
  166  12:34  Marine x2  
  166  12:35  Marine x2  
  170  12:44  Marine x4  
  170  12:45  Marine  
  175  12:56  Marine x4  
  169  13:02  Marine x5  
  168  13:13  Marine  
  168  13:14  Marine x3  
  168  13:19  Marine, Planetary Fortress  
  172  13:20  Marine x4  
  172  13:25  Refinery  
  172  13:26  Refinery  
  177  13:31  Marine x2  
  177  13:32  Marine x2  
  164  13:40  Marine x2  
  164  13:41  Marine x2  
  145  13:44  Marine  
  102  13:49  Marine x4  
  102  13:52  Barracks x2  
  102  13:53  Barracks  
  104  13:57  Barracks  
  104  13:58  Marine x3  
  104  13:59  Barracks, Marine, Missile Turret  
  104  14:01  Barracks  
  104  14:02  Marine, Missile Turret  
  109  14:04  Missile Turret  
  109  14:06  Missile Turret  
  109  14:07  Marine x4  
  113  14:12  Terran Infantry Armor Level 3, Terran Infantry Weapons Level 3  
  113  14:16  Marine x4  
  117  14:18  Missile Turret  
  117  14:20  Marine  
  117  14:22  Missile Turret  
  118  14:25  Marine x4  
  118  14:26  Missile Turret  
  122  14:34  Marine x4  
  122  14:37  SCV x3  
  122  14:38  Marine  
  130  14:42  Marine  
  130  14:43  Marine x4  
  130  14:44  Marine x3  
  138  14:47  Marine  
  138  14:50  Medivac  
  138  14:51  Marine  
  138  14:52  Marine x3  
  145  14:55  Marine  
  142  15:00  Marine x2  
  142  15:01  Marine x3  
  142  15:05  Marine x5  
  152  15:09  Marine  
  152  15:10  Marine x3  
  152  15:13  Marine  
  157  15:18  Marine  
  145  15:25  Marine x7  
  145  15:26  Marine x2  
  145  15:27  Marine x3  
  145  15:28  Marine  
  142  15:43  Medivac x2  
  142  15:49  Marine x4  
  150  15:50  Marine x6  
  150  15:51  Marine x5  
  161  16:07  Marine x3  
  161  16:08  Marine x7  
  161  16:09  Marine x4  
  175  16:13  Medivac  
  175  16:14  Marine  
  178  16:24  Marine  
  178  16:25  Marine x3  
  179  16:26  Medivac, Marine x2  
  179  16:29  Marine x5  
  179  16:30  Marine x3  
  179  16:32  Marine  
  195  16:42  Marine  
  195  16:43  Medivac  
  184  16:56  Medivac  
  184  16:57  Marine x3  
  189  17:04  Marine x6  
  185  17:22  Marine x3  
  186  17:23  Marine x6  
Show
View Real Time Build Order
Export as new Build Order

SHreddedWInd Protoss - Winner!

Build Orders:  

Get SALT Encoding   

  12  0:00  Probe (Chrono Boost)  
  13  0:11  Probe (Chrono Boost)  
  14  0:30  Pylon, Probe (Chrono Boost)  
  15  0:48  Probe (Chrono Boost)  
  16  0:59  Assimilator, Probe (Chrono Boost)  
  16  1:00  Gateway  
  17  1:07  Forge  
  17  1:12  Pylon, Probe (Chrono Boost)  
  18  1:24  Probe (Chrono Boost)  
  19  1:34  Probe (Chrono Boost)  
  20  1:49  Cybernetics Core  
  20  1:54  Photon Cannon  
  20  1:56  Probe (Chrono Boost)  
  21  2:03  Assimilator  
  21  2:06  Probe (Chrono Boost)  
  22  2:21  Nexus  
  22  2:26  Warp Gate  
  22  2:30  Protoss Ground Weapons Level 1 (Chrono Boost)  
  22  2:34  Probe  
  23  2:43  Pylon  
  23  2:48  Mothership Core (Chrono Boost)  
  25  2:54  Adept  
  27  3:10  Probe (Chrono Boost)  
  28  3:20  Probe (Chrono Boost)  
  28  3:21  Adept  
  28  3:23  Gateway  
  28  3:26  Gateway  
  31  3:36  Gateway  
  31  3:39  Probe (Chrono Boost)  
  32  3:44  Probe (Chrono Boost)  
  33  3:52  Probe (Chrono Boost)  
  34  3:59  Pylon  
  34  4:02  Probe x2 (Chrono Boost)  
  36  4:15  Probe (Chrono Boost)  
  37  4:17  Pylon  
  37  4:18  Probe (Chrono Boost)  
  38  4:26  Probe (Chrono Boost)  
  38  4:29  Protoss Ground Armor Level 1 (Chrono Boost), Probe (Chrono Boost)  
  40  4:33  Twilight Council  
  40  4:38  Sentry x3  
  44  4:41  Adept  
  44  4:43  Probe (Chrono Boost)  
  44  4:44  Probe (Chrono Boost)  
  50  4:53  Probe (Chrono Boost)  
  50  4:55  Probe (Chrono Boost)  
  52  5:01  Gateway  
  52  5:03  Adept x2  
  52  5:04  Probe (Chrono Boost)  
  57  5:07  Adept  
  57  5:09  Sentry  
  61  5:22  Robotics Facility  
  61  5:25  Probe  
  61  5:27  Assimilator  
  62  5:29  Assimilator  
  62  5:32  Zealot x2  
  66  5:37  Probe (Chrono Boost)  
  67  6:04  Protoss Ground Weapons Level 2 (Chrono Boost)  
  67  6:09  Adept  
  69  6:14  Nexus  
  69  6:15  Pylon  
  69  6:16  Pylon  
  69  6:18  Pylon  
  69  6:20  Pylon x2  
  69  6:21  Pylon  
  69  6:24  Observer (Chrono Boost)  
  70  6:41  Adept x5  
  81  6:59  Immortal (Chrono Boost)  
  84  7:06  Pylon  
  84  7:07  Pylon  
  84  7:10  Pylon  
  84  7:14  Robotics Bay  
  84  7:16  Probe  
  84  7:17  Forge, Probe  
  84  7:22  Zealot x2  
  88  7:24  Sentry  
  88  7:28  Probe  
  88  7:29  Probe  
  93  7:33  Observer (Chrono Boost)  
  93  7:37  Probe  
  94  7:44  Probe  
  96  7:47  Probe  
  97  7:51  Charge (Chrono Boost)  
  97  7:56  Probe  
  97  7:58  Probe  
  98  7:59  Assimilator  
  98  8:02  Assimilator  
  100  8:08  Colossus (Chrono Boost)  
  105  8:18  Templar Archives  
  105  8:20  Adept x3  
  105  8:21  Adept x2  
  98  9:00  Stalker x2  
  98  9:01  Stalker x3  
  106  9:05  Immortal (Chrono Boost)  
  106  9:10  Stargate  
  106  9:12  Stargate  
  106  9:15  Gateway  
  106  9:17  Gateway  
  76  9:39  Observer (Chrono Boost)  
  76  9:40  Stalker x4  
  76  9:41  Stalker  
  83  9:55  Phoenix (Chrono Boost)  
  83  9:56  Phoenix (Chrono Boost)  
  87  10:02  Probe (Chrono Boost)  
  87  10:04  Psionic Storm  
  88  10:13  Zealot x6, Probe (Chrono Boost)  
  101  10:17  Probe  
  102  10:23  Probe  
  103  10:29  Probe  
  104  10:39  Zealot x2  
  104  10:40  Zealot x5  
  118  11:06  Zealot, Nexus  
  118  11:07  Zealot x6  
  132  11:13  Assimilator  
  132  11:15  Assimilator  
  132  11:17  Phoenix  
  132  11:18  Pylon  
  132  11:20  Phoenix  
  136  11:30  Gateway  
  136  11:35  Gateway  
  136  11:37  Gateway  
  136  11:39  Gateway  
  136  11:46  Protoss Ground Weapons Level 3 (Chrono Boost)  
  136  11:52  Phoenix  
  136  11:53  Phoenix  
  140  11:59  Stalker x4  
  140  12:00  High Templar  
  150  12:02  High Templar  
  150  12:08  High Templar  
  154  12:11  Archon  
  150  12:35  Stalker x3  
  150  12:36  Stalker x3  
  156  12:37  Phoenix (Chrono Boost)  
  156  12:38  Protoss Air Weapons Level 1 (Chrono Boost)  
  156  12:39  Phoenix (Chrono Boost)  
  160  12:52  Gateway  
  160  12:53  Gateway  
  160  13:09  High Templar x5  
  160  13:10  High Templar x2  
  160  13:11  Zealot x3  
  180  13:14  Archon  
  180  13:16  Archon  
  180  13:23  Pylon  
  180  13:24  Pylon  
  180  13:25  Pylon  
  180  13:41  Phoenix  
  180  14:02  Protoss Ground Armor Level 2 (Chrono Boost)  
  180  14:06  Phoenix x2 (Chrono Boost)  
  103  14:30  Phoenix  
  103  14:31  Phoenix  
  93  14:36  Zealot x5  
  93  14:37  Zealot x6  
  119  14:49  Stalker x2  
  121  14:55  Protoss Air Armor Level 1 (Chrono Boost)  
  109  15:00  High Templar x4  
  109  15:01  High Templar x2, Stalker  
  109  15:02  Stalker  
  125  15:14  Nexus  
  125  15:19  Pylon  
  125  15:21  Archon  
  125  15:22  Archon  
  125  15:24  Stalker x2  
  125  15:28  Phoenix  
  131  15:51  High Templar x4  
  131  15:52  Zealot x3  
  131  15:53  Stalker  
  131  15:54  Stalker x2  
  151  15:59  Phoenix  
  153  16:17  Phoenix  
  155  16:19  High Templar x5  
  155  16:20  High Templar x2  
  169  16:28  Archon x3  
  169  16:33  High Templar  
  169  16:34  Zealot x4  
  165  16:43  Probe  
  166  16:54  Probe  
  109  17:14  Stalker x6  
  109  17:15  Stalker x4  
  117  17:17  High Templar  
Tags
 
Add a new tag
Caveats
  • Supply blocks, unpowered buildings, or Contaminate may cause inaccurate times.
  • Supply counts are checked every 10 seconds.